 Dungeon Crawl Stone Soup version 0.25.1-2-g60ff931df9 (webtiles) character file.

Game seed: 1494768442364627013

10664 Johnny the Geomancer (level 11, 0/74 HPs)
             Began as a Demigod Earth Elementalist on Oct 20, 2020.
             Killed from afar by a frost giant (38 damage)
             ... with a bolt of cold
             ... on level 10 of the Dungeon.
             The game lasted 00:15:32 (15037 turns).

Johnny the Geomancer (Demigod Earth Elementalist)  Turns: 15037, Time: 00:15:33

Health: 0/74       AC:  5    Str:  6    XL:     11   Next: 16%
Magic:  4/28       EV: 12    Int: 25    God:
Gold:   591        SH:  0    Dex: 16    Spells: 13/28 levels left

rFire    . . .     SeeInvis +   r - +1 dagger (venom)
rCold    . . .     Gourm    .   (no shield)
rNeg     . . .     Faith    .   a - +2 robe "Tizedgha" {rElec Regen+ Str-5 Slay-6 SInv}
rPois    .         Spirit   .   q - +0 helmet
rElec    +         Reflect  .   (no cloak)
rCorr    .         Harm     .   (no gloves)
MR       +....                  (no boots)
Stlth    ++........             F - amulet of regeneration
HPRegen  1.02/turn              t - ring of wizardry
MPRegen  0.21/turn              (no ring)

@: about to teleport, very slightly contaminated
A: high mp 1
a: no special abilities


You were on level 10 of the Dungeon.
You were very hungry.

You visited 1 branch of the dungeon, and saw 10 of its levels.
You also visited: Bailey.

You collected 696 gold pieces.
You spent 105 gold pieces at shops.

Inventory:

Hand Weapons
 r - a +1 dagger of venom (weapon)
Armour
 a - the +2 robe "Tizedgha" (worn) {rElec Regen+ Str-5 Slay-6 SInv}
   (You found it on level 5 of the Dungeon)

   It affects your strength (-5).
   It affects your accuracy and damage with ranged weapons and melee attacks
   (-6).
   It insulates you from electricity.
   It lets you see invisible.
   It increases your rate of regeneration.
 q - a +0 helmet (worn)
Jewellery
 t - a ring of wizardry (left hand)
 x - an uncursed ring of ice
 F - an amulet of regeneration (around neck)
Wands
 v - a wand of polymorph (2)
 w - a wand of flame (5)
 A - a wand of clouds (3)
 B - a wand of paralysis (4)
 D - a wand of iceblast (10)
Scrolls
 c - 3 scrolls of magic mapping {unknown}
 f - 5 scrolls of fear
 h - 5 scrolls of enchant armour
 j - a scroll of remove curse
 n - a scroll of noise
 o - 4 scrolls of teleportation
 u - a scroll of immolation
Potions
 e - a potion of might {unknown}
 g - a potion of berserk rage {unknown}
 i - 3 potions of degeneration {unknown}
 k - 4 potions of cancellation {unknown}
 l - a potion of mutation {unknown}
 m - a potion of stabbing {unknown}
 p - 2 potions of flight {unknown}
 s - 3 potions of lignification {unknown}
 z - a potion of resistance {unknown}
 C - a potion of curing {unknown}
 E - a potion of heal wounds {unknown}
Comestibles
 d - 25 rations


   Skills:
 - Level 1.7 Dodging
 - Level 1.7 Stealth
 + Level 9.0 Spellcasting
 - Level 0.8 Transmutations
 * Level 13.4 Earth Magic


You had 13 spell levels left.
You knew the following spells:

 Your Spells              Type           Power        Failure   Level  Hunger
a - Sandblast             Erth           ######       0%          1    None
b - Stone Arrow           Conj/Erth      #####.       1%          3    None
c - Lee's Rapid Deconstr  Erth           ######....   1%          5    ####...
d - Petrify               Tmut/Erth      #####...     1%          4    ##.....
e - Passwall              Tmut/Erth      #####...     1%          2    None

Your spell library contained the following spells:

 Spells                   Type           Power        Failure   Level  Hunger
 Animate Skeleton         Necr           N/A          2%          1    None
 Apportation              Tloc           ##....       2%          1    None
 Corona                   Hex            ##.....      2%          1    None
 Summon Small Mammal      Summ           ##..         2%          1    None


Dungeon Overview and Level Annotations

Branches:
Dungeon (10/15)            Temple (0/1) D:5          Bailey (visited)
   Lair: D:8-11         Orc: D:9-12

Shops:
D:4 (   D:8 =


Innate Abilities, Weirdness & Mutations

You have an increased reservoir of magic. (+10% MP)


Message History

Evoke which item? (* to show all) (? for menu, Esc to quit)
Aiming: Paralyse
Press: ? - help, Shift-Dir - straight line, f/p - great orb of eyes
Aim: a great orb of eyes (chance to defeat MR: 0%)
Okay, then.
Evoke which item? (* to show all) (? for menu, Esc to quit)
Aiming: Cloud Cone
Press: ? - help, Dir - move target cursor, f/p - great orb of eyes
Aim: a great orb of eyes You create a blast of poison gas!
A frost giant comes into view.
It is wielding a +2 battleaxe of freezing.
The great orb of eyes bites you!
Unknown command.
Unknown command.
As you read the scroll of teleportation, it crumbles to dust.
You feel strangely unstable. The frost giant casts a spell at you.
The bolt of cold hits you!!!
Ouch! That really hurt!
You die...

.... ....
.8####8..
+)..?+
#..# #)'#
#.†# #..#
#..# #@.#
#§G§.C.#
########


You could see a frost giant and a great orb of eyes.

Vanquished Creatures
  A hydra (D:10)
  2 two-headed ogres
  A manticore (D:6)
  A kobold demonologist (D:10)
  Prince Ribbit (D:7)
  Sigmund (D:2)
  5 yaks (D:9)
  A wraith (D:10)
  2 hungry ghosts (D:7)
  Menkaure (D:7)
  13 orc warriors
  A black bear (D:9)
  A hornet zombie (D:9)
  4 ogres
  2 phantoms
  An ice beast (D:9)
  A tengu (Bailey)
  4 necrophages (D:9)
  A boggart (D:6)
  12 centaurs
  3 bullfrogs (D:6)
  A wyvern zombie (D:7)
  3 scorpions
  6 killer bees (D:9)
  7 howler monkeys
  9 wights
  A centaur zombie (D:9)
  6 crimson imps
  A bullfrog zombie (D:5)
  6 hounds
  4 orc wizards
  8 orc priests
  A jelly (D:9)
  3 bullfrog skeletons
  A centaur skeleton (D:9)
  2 iguanas (D:7)
  6 worker ants
  Natasha (thrice) (D:2)
  2 killer bee zombies (D:9)
  3 hound zombies (D:9)
  2 mummies (D:9)
  2 howler monkey zombies
  Robin (D:4)
  2 worker ant zombies
  7 gnolls (D:6)
  10 adders
  A shadow imp (D:6)
  3 oozes
  2 adder zombies (D:9)
  An adder skeleton (D:8)
  4 worms
  5 dart slugs
  2 leopard geckos (D:4)
  51 orcs
  5 bats
  4 giant cockroaches
  17 goblins
  16 hobgoblins
  14 jackals
  8 kobolds
  6 quokkas
  3 ball pythons
  2 frilled lizards
  A jackal zombie (D:8)
  2 leopard gecko skeletons
  A quokka skeleton (D:6)
  4 quokka zombies
  11 rats
319 creatures vanquished.

Vanquished Creatures (others)
  4 withered plants (D:9)
4 creatures vanquished.

Grand Total: 323 creatures vanquished

Notes
Turn   | Place    | Note
-------+----------+-------------------------------------------
     0 | D:1      | Johnny the Demigod Earth Elementalist began the quest for
                  | the Orb.
     0 | D:1      | Reached XP level 1. HP: 14/14 MP: 5/5
   162 | D:1      | Reached skill level 3 in Earth Magic
   409 | D:1      | Reached XP level 2. HP: 20/20 MP: 2/7
  1280 | D:2      | Reached XP level 3. HP: 11/26 MP: 5/9
  1480 | D:2      | Found a shimmering altar of Xom.
  1485 | D:2      | Found a burning altar of Makhleb.
  1485 | D:2      | Noticed Natasha
  1490 | D:2      | Killed Natasha
  1686 | D:2      | Found a radiant altar of Vehumet.
  1716 | D:2      | Noticed Natasha
  1724 | D:2      | Killed Natasha
  1724 | D:2      | Reached skill level 4 in Earth Magic
  1724 | D:2      | Reached XP level 4. HP: 15/33 MP: 5/10
  2220 | D:2      | Noticed Natasha
  2224 | D:2      | Killed Natasha
  2325 | D:2      | Noticed Sigmund
  2333 | D:2      | Killed Sigmund
  2333 | D:2      | Reached skill level 5 in Earth Magic
  2333 | D:2      | Reached XP level 5. HP: 16/38 MP: 7/13
  3403 | D:3      | Reached XP level 6. HP: 32/45 MP: 14/14
  3732 | D:3      | Found a basalt altar of Yredelemnul.
  3761 | D:3      | Found a sacrificial altar of Ru.
  3852 | D:3      | Found a white marble altar of Elyvilon.
  3926 | D:3      | HP: 2/45 [poisoned by a kobold]
  3933 | D:3      | HP: 2/45 [poisoned by a kobold]
  3941 | D:3      | HP: 1/45 [poisoned by a kobold]
  4601 | D:3      | Found a hazy altar of Hepliaklqana.
  5279 | D:4      | Noticed Robin
  5295 | D:4      | Reached skill level 6 in Earth Magic
  5304 | D:4      | Killed Robin
  5664 | D:4      | Found Ahovvar's Weapon Emporium.
  5682 | D:4      | Bought 26 stones for 28 gold pieces
  5682 | D:4      | Bought a +0 dagger of venom for 48 gold pieces
  5682 | D:4      | Bought 27 stones for 29 gold pieces
  6086 | D:4      | Learned a level 3 spell: Stone Arrow
  6092 | D:4      | Learned a level 5 spell: Lee's Rapid Deconstruction
  6097 | D:4      | Learned a level 4 spell: Petrify
  6144 | D:5      | Entered Level 5 of the Dungeon
  6356 | D:5      | Reached XP level 7. HP: 38/50 MP: 16/16
  6474 | D:5      | You fall into a shaft and drop 1 floor!
  6968 | D:6      | Found a stormy altar of Qazlal.
  7267 | D:6      | Noticed an air elemental
  7271 | D:6      | Reached skill level 7 in Earth Magic
  8114 | D:5      | Found a shimmering blue altar of Sif Muna.
  8137 | D:5      | Got a sheer robe
  8148 | D:5      | Identified the +2 robe "Tizedgha" {rElec Regen+ Str-5
                  | Slay-6 SInv} (You found it on level 5 of the Dungeon)
  8153 | D:5      | Found an iron altar of Okawaru.
  8632 | D:5      | Reached skill level 5 in Spellcasting
  8686 | D:5      | Found a staircase to the Ecumenical Temple.
  8712 | D:5      | Reached XP level 8. HP: 31/57 MP: 0/19
  8716 | D:5      | Reached skill level 8 in Earth Magic
  9679 | D:6      | Reached skill level 9 in Earth Magic
  9741 | D:6      | Noticed a manticore
  9774 | D:6      | Killed a manticore
  9824 | D:6      | Learned a level 2 spell: Passwall
  9827 | D:6      | Got a steaming chain mail
 10130 | D:7      | Identified the +1 chain mail "Soczeiff" {+Blink rPois} (You
                  | found it on level 6 of the Dungeon)
 10200 | D:7      | Reached XP level 9. HP: 60/62 MP: 11/22
 10288 | D:7      | Reached skill level 10 in Earth Magic
 10295 | D:7      | Noticed Prince Ribbit
 10300 | D:7      | Noticed Menkaure
 10321 | D:7      | Killed Prince Ribbit
 10325 | D:7      | Killed Menkaure
 11096 | D:8      | Found Quhorir's Jewellery Emporium.
 11244 | D:8      | Reached skill level 11 in Earth Magic
 11409 | D:8      | Noticed a two-headed ogre
 11414 | D:8      | Killed a two-headed ogre
 11414 | D:8      | Reached XP level 10. HP: 63/69 MP: 11/25
 11421 | D:8      | Found a flagged portal.
 11428 | Bailey   | Entered a bailey
 12036 | Bailey   | Identified the +11 bardiche of Mikhla Wack {vorpal, rF+}
 12084 | Bailey   | Reached skill level 12 in Earth Magic
 12653 | Bailey   | Got an ichor-stained bardiche
 12654 | Bailey   | Identified the +6 bardiche "Rauhufup" {venom, rF- Int-2
                  | Dex+8 SInv} (You found it in a bailey)
 13651 | D:9      | Noticed a two-headed ogre
 13658 | D:9      | Killed a two-headed ogre
 14443 | D:9      | Reached skill level 13 in Earth Magic
 14539 | D:9      | Reached XP level 11. HP: 74/74 MP: 18/28
 15026 | D:10     | Entered Level 10 of the Dungeon
 15026 | D:10     | Found a large runed translucent door.
 15026 | D:10     | Found a large runed translucent door.
 15026 | D:10     | Noticed a seven-headed hydra
 15032 | D:10     | Killed a seven-headed hydra
 15035 | D:10     | Noticed a great orb of eyes
 15036 | D:10     | Noticed a frost giant
 15037 | D:10     | Killed from afar by a frost giant

Illustrated notes

Levels and vault maps discovered:
D:1:      mrwooster_arrival_arrow, layout_rooms, roderic_lattice_a,
          minmay_indecisive_spiral
D:2:      layout_basic, grunt_temple_overflow_open, vehumet_crystals,
          uniq_sigmund, uniq_natasha
D:3:      layout_basic, kennysheep_ying_yang, marbit_many_paths,
          nicolae_ru_sacrificial_ziggurat
D:4:      layout_layer_cave, serial_shops, shop, columned_hall_lemuel,
          minmay_quantized, uniq_robin
D:5:      layout_basic, okawaru_gym_becter, kennysheep_mini_moat,
          minmay_temple_entry_proselytizer, first_ration, minivault_11
D:6:      minmay_chambers_of_sixes, layout_loops_ring,
          nicolae_qazlal_style_of_elements, minmay_misc_feat_square
D:7:      layout_rooms, uniq_prince_ribbit1, uniq_menkaure
D:8:      layout_loops_ring, enter_bailey_2, serial_shops, shop
D:9:      layout_roguey, serial_undead, serial_undead_e, serial_undead_a,
          serial_undead_a, serial_undead_c, serial_undead_c, serial_undead_b,
          serial_undead_f, serial_undead_c, serial_undead_d, serial_undead_f
D:10:     layout_gridville, erik_lair_island, jmf_multi_god_temple2

Skill      XL: |  1  2  3  4  5  6  7  8  9 10 11 |
---------------+----------------------------------+-----
Earth Magic    | 3 4 5 6 7 9 11 13 | 13.4
Spellcasting   | 2 3 4 5 6 7 8 9 |  9.0
Dodging        | |  1.7
Stealth        | |  1.7
Transmutations | |  0.8

Action                   |  1- 3 |  4- 6 |  7- 9 | 10-12 || total
-------------------------+-------+-------+-------+-------++-------
Melee: Dagger            |    65 |   197 |   338 |    73 ||   673
       Unarmed           |     1 |       |       |       ||     1
 Cast: Sandblast         |    32 |    64 |   109 |    20 ||   225
       Stone Arrow       |       |     1 |    52 |    75 ||   128
       Passwall          |       |       |     2 |       ||     2
       Lee's Rapid Decon |       |       |     3 |    30 ||    33
Evoke: Wand              |       |       |    16 |    64 ||    80
  Use: Scroll            |       |       |     8 |     5 ||    13
 Stab: Sleeping          |     2 |     7 |     4 |     1 ||    14
       Paralysed         |       |       |    15 |       ||    15
       Distracted        |       |       |       |     1 ||     1
  Eat: Chunk             |     3 |    14 |    15 |    13 ||    45
       Ration            |       |       |     1 |     1 ||     2
Armor: Robe              |     9 |    28 |    90 |    27 ||   154
Dodge: Dodged            |    52 |   117 |   250 |    80 ||   499
